 Dungeon Crawl Stone Soup version 0.31-a0-361-g0f8bd3a31e (webtiles) character file.

Game seed: 1499662795776722887

70 Locuples the Chopper (level 4, -1/41 HPs)
             Began as a Minotaur Monk on July 27, 2023.
             Killed from afar by Ijyb (7 damage)
             ... with a puff of flame
             ... on level 3 of the Dungeon.
             The game lasted 00:02:30 (1954 turns).

Locuples the Chopper (Minotaur Monk)                Turns: 1954, Time: 00:02:31

Health: -1/41      AC:  6    Str: 18    XL:     4   Next: 4%
Magic:  3/3        EV: 10    Int:  7    God:
Gold:   72         SH:  0    Dex: 12    Spells: 3/3 levels left

rFire   . . .        a - +0 hand axe
rCold   . . .        d - orb {light}
rNeg    . . .        n - +0 scale mail
rPois   +            (helmet restricted)
rElec   .            (no cloak)
rCorr   .            (no gloves)
SInv    .            (no boots)
Will    .....        (no amulet) Stlth
                     f - ring of poison resistance
HPRegen 0.26/turn    (no ring)
MPRegen 0.08/turn

%: no passive effects
@: glowing
A: horns 2, retaliatory headbutt
a: no special abilities


You were on level 3 of the Dungeon.
You visited 1 branch of the dungeon, and saw 3 of its levels.

You collected 72 gold pieces.

Inventory:

Hand Weapons
 a - a +0 hand axe (weapon)
Armour
 d - an orb of light (worn)
 n - a +0 scale mail (worn)
Jewellery
 f - a ring of poison resistance (left hand)
Wands
 l - a wand of flame (12)
Scrolls
 b - a scroll of identify {unknown}
 e - a scroll of enchant armour {unknown}
 h - 2 scrolls of enchant weapon {unknown}
 i - a scroll of fear {unknown}
 k - a scroll of fog {unknown}
 m - a scroll of revelation {unknown}
Potions
 c - 2 potions of ambrosia
 g - a potion of attraction {unknown}
 j - a potion of brilliance {unknown}


   Skills:
 + Level 4.4 Fighting
 + Level 4.5 Axes
 + Level 1.0 Armour
 + Level 3.9 Dodging


You had 3 spell levels left.
You didn't know any spells.
Your spell library contained the following spells:

 Spells                   Type           Power      Damage    Failure   Level
 Sublimation of Blood     Necr           0%         N/A       93%         2
 Petrify                  Tmut/Erth      0%         N/A       100%        4
 Irradiate                Conj/Tmut      0%         3d11      100%        5


Dungeon Overview and Level Annotations

Branches:
Dungeon (3/15)

Altars:
Wu Jian

Annotations:
D:3 Ijyb


Innate Abilities, Weirdness & Mutations

You have a pair of horns on your head.
You reflexively headbutt those who attack you in melee.


Message History

You hit the bush. x2
You open the door.
There is an open door here.
Found an ornate altar of the Wu Jian Council.
Ijyb the Twisted Goblin comes into view.
She is wielding a +1 dagger of flaming and carrying a wand of flame.
Ijyb shouts!
Ijyb hits you with a +1 dagger of flaming.
Ijyb burns you.
You hit Ijyb but do no damage.
Ijyb hits you with a +1 dagger of flaming.
Ijyb burns you.
You hit Ijyb. You headbutt Ijyb.
Ijyb is lightly wounded.
Ijyb hits you with a +1 dagger of flaming.
Ijyb burns you.
You hit Ijyb but do no damage. You headbutt Ijyb, but do no damage.
Ijyb is lightly wounded.
Ijyb hits you with a +1 dagger of flaming.
Ijyb burns you.
You hit Ijyb but do no damage.
Ijyb is lightly wounded.
Ijyb hits you with a +1 dagger of flaming.
Ijyb burns you.
You hit Ijyb. You headbutt Ijyb, but do no damage.
Ijyb is moderately wounded.
Ijyb zaps a wand.
The puff of flame hits you!
* * * LOW HITPOINT WARNING * * *
You hit Ijyb.
Ijyb is heavily wounded.
Ijyb hits you with a +1 dagger of flaming.
* * * LOW HITPOINT WARNING * * *
Ijyb burns you.
* * * LOW HITPOINT WARNING * * *
You barely miss Ijyb. Your headbutt misses Ijyb.
Ijyb is heavily wounded.
Ijyb hits you but does no damage.
You hit Ijyb.
Ijyb is severely wounded.
Ijyb zaps a wand.
The puff of flame hits you!
You die...

..# ... ... #.# #.# #
#.# .#
.#.P.######g###.# .
...P.......@....#..
#...####.......!.#
......#.........#
###+# #....#.........#
......#........##..##.
......#........+ ..#
......#........# ##
........#+#....#
........#.######


You could see Ijyb.

Vanquished Creatures
  Terence (D:2)
  8 bats
  4 endoplasms
  3 giant cockroaches
  5 goblins
  3 hobgoblins
  5 kobolds
  3 quokkas
  4 ball pythons
  2 rats (D:1)
38 creatures vanquished.

Notes
Turn   | Place    | Note
-------+----------+-------------------------------------------
     0 | D:1      | Locuples the Minotaur Monk began the quest for the Orb.
     0 | D:1      | Reached XP level 1. HP: 19/19 MP: 0/0
   205 | D:1      | You fall into a shaft and drop 1 floor!
   235 | D:1      | Reached XP level 2. HP: 25/27 MP: 1/1
  1334 | D:2      | Reached XP level 3. HP: 33/33 MP: 2/2
  1335 | D:2      | Noticed Terence
  1350 | D:2      | Killed Terence
  1351 | D:2      | Reached skill level 1 in Armour
  1733 | D:2      | Reached XP level 4. HP: 41/41 MP: 3/3
  1919 | D:3      | Found an ornate altar of the Wu Jian Council.
  1943 | D:3      | Noticed Ijyb
  1954 | D:3      | Killed from afar by Ijyb

Illustrated notes

Levels and vault maps discovered:
D:1:      minmay_arrival_loop, layout_loops_ring, serial_forest,
          infiniplex_forest_clump_medium, infiniplex_forest_split,
          infiniplex_forest_split, infiniplex_forest_end_1,
          infiniplex_forest_3_way, infiniplex_forest_end_3
D:2:      layout_rooms, serial_bayou_pond_e, nicolae_underground_beach,
          uniq_terence
D:3:      layout_basic, mainiacjoe_overflow_boulevard, grunt_gozag_breadcrumbs,
          mainiacjoe_overflow_alcove_4,
          dreamdust_ecumenical_altar_angels_and_demons, serial_shops,
          nicolae_lakefront_shop, uniq_natasha, uniq_ijyb, uniq_grinder

Skill      XL: |  1  2  3 |
---------------+----------+-----
Fighting       | 4 |  4.4
Axes           | 4 |  4.5
Armour         | 1 |  1.0
Dodging        | |  3.9

Action                     |  1- 3 |  4- 6 || total
---------------------------+-------+-------++-------
  Melee: Hand axe          |   156 |    14 ||   170
         Headbutt          |    51 |     5 ||    56
 Armour: Leather armour    |    17 |       ||    17
         Scale mail        |       |     3 ||     3
  Dodge: Dodged            |    41 |     4 ||    45

Table legend: (Time is in decaauts)
 A = Elapsed time spent in this place.
 B = Non-inter-level travel time spent in this place.
 C = Inter-level travel time spent in this place.
 D = Time resting spent in this place.
 E = Time spent auto-exploring this place.
 F = Levels seen in this place.
 G = Mean time per level.
                   A        B        C        D        E       F      G
               +--------+--------+--------+--------+--------+-----+--------+
         Total |   1970 |   1710 |    260 |    112 |   1186 |   3 |  656.7 |
       Dungeon |   1970 |   1710 |    260 |    112 |   1186 |   3 |  656.7 |
               +--------+--------+--------+--------+--------+-----+--------+

Top non-repeatable levels by time:
     D:1: 1215 daAuts
     D:2: 698 daAuts
     D:3: 56 daAuts
